 Dungeon Crawl Stone Soup version 0.29-a0-330-g52719c12eb (webtiles) character file.

Game seed: 561054448885068993

39 kae the Gusty (level 3, -4/31 HPs)
             Began as an Ogre Air Elementalist on Apr 14, 2022.
             Slain by a hobgoblin
             ... wielding a +2 dagger of venom
              (6 damage)
             ... on level 2 of the Dungeon.
             The game lasted 00:01:17 (2299 turns).

kae the Gusty (Ogre Air Elementalist)               Turns: 2299, Time: 00:01:17

Health: -4/31      AC:  3    Str: 12    XL:     3   Next: 45%
Magic:  0/7        EV:  9    Int: 18    God:
Gold:   66         SH:  0    Dex:  9    Spells: 5/8 levels left

rFire   . . .      SeeInvis .   (no weapon)
rCold   . . .      Faith    .   (no shield)
rNeg    . . .      Spirit   .   a - +0 robe
rPois   .          Reflect  .   (helmet restricted)
rElec   .          Harm     .   (no cloak)
rCorr   .          Rampage  .   (gloves unavailable)
Will    .....                   (boots unavailable)
Stlth   +.........              (no amulet)
HPRegen 0.10/turn               (no ring)
MPRegen 0.10/turn               (no ring)

@: lethally poisoned (-4 -> -17)
A: large, unfitting armour, tough skin 1
a: no special abilities


You were on level 2 of the Dungeon.
You visited 1 branch of the dungeon, and saw 2 of its levels.

You collected 66 gold pieces.

Inventory:

Armour
 a - a +0 robe (worn)
Scrolls
 d - 3 scrolls of identify
 e - a scroll of acquirement {unknown}
 j - a scroll of amnesia {unknown}
Potions
 b - a potion of magic
 c - a potion of flight
 f - a potion of degeneration
 g - a potion of curing {unknown}
 h - a potion of cancellation {unknown}
 i - 2 potions of ambrosia {unknown}


   Skills:
 - Level 1.7 Dodging
 - Level 1.4 Stealth
 + Level 3.0 Spellcasting
 + Level 1.5 Conjurations
 * Level 3.4 Air Magic


You had 5 spell levels left.
You knew the following spells:

 Your Spells              Type           Power      Damage    Failure   Level
a - Shock                 Conj/Air       44%        1d5       6%          1
b - Static Discharge      Conj/Air       11%        N/A       9%          2

Your spell library contained the following spells:

 Spells                   Type           Power      Damage    Failure   Level
 Swiftness                Air            15%        N/A       12%         3
 Animate Skeleton         Necr           4%         N/A       16%         1
 Pain                     Necr           8%         1d4       16%         1
 Airstrike                Air            7%         N/A       36%         4
 Vampiric Draining        Necr           2%         2d6       43%         3


Dungeon Overview and Level Annotations

Branches:
Dungeon (2/15)

Altars:


Innate Abilities, Weirdness & Mutations

You are too large for most types of armour.
You have tough skin. (AC +1)


Message History

Aiming: Shock (safe; 6% risk of failure)
Press: ? - help, Shift-Dir - straight line, f/p - hobgoblin
Aim: a hobgoblin, wielding a +0 hunting sling, wearing a +0 ring mail of cold resistance and quivering stones (heavily wounded, 72% to hit)
The zap hits the hobgoblin but does no damage.
The hobgoblin is heavily wounded.
The hobgoblin shoots a sling bullet.
The sling bullet hits you.
Casting: Shock (safe; 6% risk of failure)
Confirm with . or Enter, or press ? or * to list all spells.
You don't have enough magic to cast this spell.
Casting: Shock (safe; 6% risk of failure)
Confirm with . or Enter, or press ? or * to list all spells.
You don't have enough magic to cast this spell.
You start resting.
A hobgoblin is nearby!
The hobgoblin unwields a +0 hunting sling.
The hobgoblin wields a +2 dagger of venom.
It begins to drip with poison!
The hobgoblin closely misses you.
You hit the hobgoblin but do no damage.
The hobgoblin is moderately wounded.
The hobgoblin hits you with a +2 dagger of venom.
* * * LOW HITPOINT WARNING * * *
You are poisoned.
You barely miss the hobgoblin.
The hobgoblin is moderately wounded.
* * * LOW HITPOINT WARNING * * *
You feel sick.
The hobgoblin hits you with a +2 dagger of venom.
* * * LOW HITPOINT WARNING * * *
You are more poisoned.
Casting: Shock (safe; 6% risk of failure)
Confirm with . or Enter, or press ? or * to list all spells.
Aiming: Shock (safe; 6% risk of failure)
Press: ? - help, Shift-Dir - straight line, f/p - hobgoblin
Aim: a hobgoblin, wielding a +2 dagger of venom, wearing a +0 ring mail of cold resistance and quivering stones (moderately wounded, 72% to hit)
The zap hits the hobgoblin.
The hobgoblin is heavily wounded.
* * * LOW HITPOINT WARNING * * *
You feel very sick.
The hobgoblin hits you with a +2 dagger of venom.
You die...

####.# #.#.......
#.###.# #.#..>..##
#.....# #.#.......
#.##### #.#.#..# #
#.# #####......#..
#.###....#.....#.#
#.....###...)#...>
#.##### #.#.##....
#@#######.......[.
#.g........[......
###########.###...
#.....†. #####...
##


You could see a hobgoblin.

Vanquished Creatures
  A worm (D:2)
  A dart slug (D:1)
  2 ball pythons
  4 bats
  An endoplasm (D:1)
  A giant cockroach (D:1)
  3 hobgoblins (D:1)
  3 jackals
  3 quokkas
  A frilled lizard (D:1)
  2 goblins
  6 kobolds
  5 rats
33 creatures vanquished.

Notes
Turn   | Place    | Note
-------+----------+-------------------------------------------
     0 | D:1      | kae the Ogre Air Elementalist began the quest for the Orb.
     0 | D:1      | Reached XP level 1. HP: 16/16 MP: 3/3
   185 | D:1      | Reached skill level 1 in Conjurations
   308 | D:1      | Found a faded altar of an unknown god.
   565 | D:1      | Reached XP level 2. HP: 24/24 MP: 2/5
  1776 | D:1      | Learned a level 2 spell: Static Discharge
  1813 | D:2      | Reached XP level 3. HP: 31/31 MP: 5/7
  2299 | D:2      | Slain by a hobgoblin

Illustrated notes

Levels and vault maps discovered:
D:1:      minmay_arrival_hallway, layout_loops_ring,
          ebering_ecumenical_altar_mist, lemuel_flame_loot_1
D:2:      layout_loops_ring, grunt_ministairs_10, minivault_5

Skill      XL: |  1  2  3 |
---------------+----------+-----
Conjurations   | 1 |  1.5
Air Magic      | 3 |  3.4
Spellcasting   | 3 |  3.0
Dodging        | |  1.7
Stealth        | |  1.4

Action                   || total
-------------------------++-------
Melee: Unarmed           ||    89
       Punch             ||     3
 Cast: Shock             ||    83
  Use: Scroll            ||     3
 Stab: Sleeping          ||     1
Armor: Robe              ||    45
Dodge: Dodged            ||    60

Table legend: (Time is in decaauts)
 A = Elapsed time spent in this place.
 B = Non-inter-level travel time spent in this place.
 C = Inter-level travel time spent in this place.
 D = Time resting spent in this place.
 E = Time spent auto-exploring this place.
 F = Levels seen in this place.
 G = Mean time per level.
                   A        B        C        D        E       F      G
               +--------+--------+--------+--------+--------+-----+--------+
         Total |   2299 |   2213 |     86 |    476 |   1430 |   2 | 1149.5 |
       Dungeon |   2299 |   2213 |     86 |    476 |   1430 |   2 | 1149.5 |
               +--------+--------+--------+--------+--------+-----+--------+

Top non-repeatable levels by time:
     D:1: 1808 daAuts
     D:2: 491 daAuts
